 Dungeon Crawl Stone Soup version 0.32-a0-902-gb4fc452 (webtiles) character file.

Game seed: 7765362959100620903

14277 Dorkslayer the Cleaver (level 11, -2/94 HPs)
             Began as a Mountain Dwarf Fighter on Apr 5, 2024.
             Was an Initiate of Gozag.
             Slain by an ice devil (15 damage)
             ... in an ice cave.
             The game lasted 00:32:21 (8931 turns).

Dorkslayer the Cleaver (Mountain Dwarf Fighter)     Turns: 8931, Time: 00:32:22

Health: -2/94      AC: 24    Str: 27    XL:     11   Next: 86%
Magic:  11/11      EV:  8    Int:  9    God:    Gozag
Gold:   929        SH:  0    Dex: 13    Spells: 10/10 levels left

rFire   + . .        c - +7 broad axe
rCold   . . .        u - +4 kite shield of the Flute {Fly rElec rCorr Dex-2}
rNeg    + . .        d - +0 chain mail
rPois   +            m - +1 helmet
rElec   +            F - +2 cloak of Supple Strength {Rampage Dex+4}
rCorr   +            H - +0 pair of gloves {hurl}
SInv    .            j - +2 pair of boots
Will    ++...        (no amulet) Stlth
                     l - +4 ring of slaying
HPRegen 0.35/turn    g - ring of the City {rPois rF+ rN+ Str+6}
MPRegen 0.12/turn

%: rampage
@: confused, mighty, ambrosia-drunk, enlightened, flying, studying Armour,
invisible
A: runic magic, artefact enchanting, iridescent scales 1
a: Renounce Religion, Potion Petition, Call Merchant, Bribe Branch


You were in an ice cave.
You worshipped Gozag.
Gozag was pleased with you.
You visited 2 branches of the dungeon, and saw 12 of its levels.
You also visited: Bailey and Ice Cave.

You collected 1512 gold pieces.
You spent 478 gold pieces at shops.
You paid 105 gold pieces to Gozag.

Inventory:

Hand Weapons
 c - a +7 broad axe (weapon)
 r - a +4 vampiric trident
 v - a +0 broad axe
 J - a +3 war axe
Missiles
 p - 5 boomerangs
Armour
 d - a +0 chain mail (worn)
 j - a +2 pair of boots (worn)
 m - a +1 helmet (worn)
 u - the +4 kite shield of the Flute (worn) {Fly rElec rCorr Dex-2}
   (You bought it in a shop on level 5 of the Dungeon)

   Dex-2:     It affects your dexterity (-2).
   rElec:     It insulates you from electricity.
   Fly:       It grants you flight.
   rCorr:     It protects you from acid and corrosion.
 D - the +2 cloak of Zibaozas {Will+ Int+6}
   (You found it on level 9 of the Dungeon)

   Int+6:     It affects your intelligence (+6).
   Will+:     It increases your willpower.
 F - the +2 cloak of Supple Strength (worn) {Rampage Dex+4}
   (You found it on level 8 of the Dungeon)

   Dex+4:     It affects your dexterity (+4).
   Rampage:   It bestows one free step when moving towards enemies.
 H - a +0 pair of gloves of hurling (worn)
Jewellery
 g - the ring of the City (right hand) {rPois rF+ rN+ Str+6}
   (You acquired it on level 5 of the Dungeon)

   [ring of strength]

   Str+6:     It affects your strength (+6).
   rF+:       It protects you from fire.
   rPois:     It protects you from poison.
   rN+:       It protects you from negative energy.
 l - a +4 ring of slaying (left hand)
 q - a ring of positive energy
 t - a ring of protection from cold
 C - a +6 ring of dexterity
Talismans
 s - a blade talisman
Wands
 x - a wand of quicksilver (1)
 y - a wand of polymorph (5)
 A - a wand of warping (3)
Scrolls
 a - a scroll of teleportation
 f - a scroll of amnesia
 i - a scroll of blinking
 B - a scroll of revelation
 I - a scroll of fog
Potions
 b - 2 potions of mutation
 e - 3 potions of cancellation
 h - 2 potions of berserk rage
 k - a potion of brilliance
 n - a potion of enlightenment
 w - a potion of attraction {unknown}
 z - 2 potions of curing
 G - 2 potions of ambrosia
 K - 2 potions of haste {unknown}
 L - 2 potions of invisibility
 M - a potion of might


   Skills:
 + Level 7.9 Fighting
 + Level 14.5 Axes
 + Level 0.4 Throwing
 * Level 9.2 Armour
 + Level 3.6 Dodging
 + Level 2.2 Stealth
 + Level 7.6 Shields
 * Level 7.3 Evocations
 + Level 2.9 Shapeshifting


You had 10 spell levels left.
You didn't know any spells.
Your spell library contained the following spells:

 Spells                   Type           Power      Damage    Failure   Level
 Freeze                   Ice            0%         1d3       69%         1
 Magic Dart               Conj           0%         1d3       69%         1
 Searing Ray              Conj           0%         2d4       83%         2
 Frozen Ramparts          Ice            0%         1d1       96%         3
 Hailstorm                Conj/Ice       0%         3d5       96%         3
 Ozocubu's Armour         Ice            0%         N/A       96%         3
 Tukima's Dance           Hex            0%         N/A       96%         3
 Brom's Barrelling Bould  Conj/Erth      0%         2d3       100%        4
 Fulminant Prism          Conj/Alch      0%         3d5       100%        4
 Passage of Golubria      Tloc           0%         N/A       100%        4
 Fireball                 Conj/Fire      0%         3d3       100%        5
 Iskenderun's Battlesphe  Conj           0%         2d6       100%        5
 Metabolic Englaciation   Hex/Ice        0%         N/A       100%        5
 Yara's Violent Unravell  Hex/Alch       0%         3d3       100%        5
 Conjure Ball Lightning   Conj/Air       0%         3x3d6     100%        6
 Orb of Destruction       Conj           0%         9d5       100%        7


Dungeon Overview and Level Annotations

Branches:
Dungeon (11/15)            Temple (1/1) D:7            Lair (0/5) D:9
 Bailey (visited)           IceCv (1/1)
    Orc: D:9-12

Altars:
Ashenzari
Cheibriados
Dithmenos
Elyvilon
Fedhas
Gozag
Hepliaklqana
Kikubaaqudgha
Makhleb
Nemelex Xobeh
Okawaru
Qazlal
Ru
Sif Muna
Trog
Uskayaw
Vehumet
Wu Jian
Xom
Yredelemnul
Zin
The Shining One

Shops:
D:5 [[:(   D:6 *   D:10 ?   D:11 (


Innate Abilities, Weirdness & Mutations

Your spellcasting is much less encumbered by armour.
You can use scrolls of enchantment on lesser artefacts.
You are partially covered in iridescent scales. (AC +2)


Message History

Okay, then.
You bump into the ice covered rock wall.
The ufetubus closely misses you.
The ufetubus hits you but does no damage.
The ice devil hits you. The ice devil freezes you!
* * * LOW HITPOINT WARNING * * *
The reaper hits you with a -4 scythe of freezing.
* * * LOW HITPOINT WARNING * * *
The reaper drags you backwards! The reaper freezes you.
* * * LOW HITPOINT WARNING * * *
You feel much better. The ufetubus hits you.
The ufetubus hits you but does no damage.
The ice devil hits you but does no damage.
The reaper hits you with a -4 scythe of freezing!
* * * LOW HITPOINT WARNING * * *
The reaper freezes you.
* * * LOW HITPOINT WARNING * * *
Okay, then.
Okay, then.
You are too confused!
Okay, then.
You bump into the ice covered rock wall.
The ufetubus barely misses you. x2
The ice devil hits you but does no damage.
The reaper barely misses you. The ufetubus closely misses you.
The ufetubus hits you but does no damage.
Unknown command.
You barely miss the ufetubus. You slash the reaper! You slash the ice devil!
The ufetubus closely misses you. x2
The reaper hits you with a -4 scythe of freezing!
* * * LOW HITPOINT WARNING * * *
The reaper freezes you.
* * * LOW HITPOINT WARNING * * *
The ice devil barely misses you.
You miss the ufetubus. You slash the reaper! You slash the ice devil!
The ice devil hits you.
* * * LOW HITPOINT WARNING * * *
The ice devil freezes you!
You die...
Your body crumbles into a pile of gold.

## .### # ...#
#. §§§# ..
.#..####§§§#...
.......2§☼§§...
#.....@4§☼.#..
#.#..#5#.§##.#
#. #$##.#..# #.
##$.# ...# #
#...##..#
#.......#
#......##
##.....# ..
##...## ..##


You could see a reaper, an ice devil (unable to see you) and an ufetubus (unable
to see you).

Vanquished Creatures
  2 vault guards (Bailey)
  A two-headed ogre (D:8)
  Amaemon (D:8)
  A manticore (D:9)
  An elephant (D:9)
  2 komodo dragons
  An orange demon (D:8)
  Jeremiah (D:6)
  An anaconda simulacrum (IceCv)
  3 ice devils (IceCv)
  A troll (D:11)
  A hornet (D:8)
  Prince Ribbit (D:5)
  A blink frog (Bailey)
  A dire elephant simulacrum (IceCv)
  A vampire (D:10)
  12 yaks
  A wyvern (D:10)
  A shadow (D:11)
  7 humans (Bailey)
  5 vampire mosquitoes (D:10)
  Menkaure (D:4)
  A death yak simulacrum (IceCv)
  2 water moccasins
  A sky beast (D:8)
  2 ice beasts (D:6)
  2 orc warriors
  3 ogres
  7 centaurs
  2 phantoms
  2 kobold brigands
  8 bullfrogs
  5 scorpions
  5 gnoll sergeants
  2 two-headed ogre simulacra (IceCv)
  A howler monkey (D:7)
  4 bombardier beetles (D:5)
  4 hounds
  2 jellies
  3 orc priests
  A gnoll bouda (D:9)
  4 sleepcaps
  3 iguanas
  8 orc wizards
  A wolf simulacrum (IceCv)
  21 gnolls
  6 adders
  A naga simulacrum (IceCv)
  5 white imps
  2 ufetubi (D:3)
  A dart slug (D:1)
  A ribbon worm (D:2)
  33 orcs
  5 bats
  2 endoplasms
  7 giant cockroaches
  12 goblins
  4 hobgoblins
  3 jackals (D:3)
  16 kobolds
  4 quokkas
  8 ball pythons
  3 frilled lizards
  6 rats
260 creatures vanquished.

Vanquished Creatures (others)
  A white imp (IceCv)
1 creature vanquished.

Grand Total: 261 creatures vanquished

Notes
Turn   | Place    | Note
-------+----------+-------------------------------------------
     0 | D:1      | Dorkslayer the Mountain Dwarf Fighter began the quest for
                  | the Orb.
     0 | D:1      | Reached XP level 1. HP: 19/19 MP: 1/1
   163 | D:1      | Reached XP level 2. HP: 20/26 MP: 2/2
   607 | D:2      | Reached XP level 3. HP: 33/33 MP: 3/3
   676 | D:2      | Reached skill level 3 in Axes
  1004 | D:3      | Reached XP level 4. HP: 39/40 MP: 4/4
  1135 | D:3      | Reached skill level 4 in Axes
  1135 | D:3      | Reached skill level 1 in Dodging
  1225 | D:3      | Reached XP level 5. HP: 40/46 MP: 5/5
  1362 | D:3      | You fall into a shaft and drop 2 floors!
  1362 | D:5      | Entered Level 5 of the Dungeon
  1363 | D:5      | Found Hirylin's Weapon Emporium.
  1405 | D:5      | Reached skill level 5 in Axes
  1407 | D:5      | Found Coxke's Armour Shop.
  1504 | D:5      | Found Qietoum's Antique Armour Shoppe.
  1743 | D:4      | Reached XP level 6. HP: 28/52 MP: 6/6
  1868 | D:4      | Reached skill level 6 in Axes
  1942 | D:4      | Noticed Menkaure
  1967 | D:4      | Killed Menkaure
  1968 | D:4      | Reached XP level 7. HP: 16/60 MP: 7/7
  2249 | D:3      | Found a bloodstained altar of Trog.
  2348 | D:3      | Reached skill level 7 in Axes
  2351 | D:3      | Reached skill level 1 in Stealth
  2480 | D:3      | Identified the +1 dagger "Tiyc" {antimagic, Will+ Str+3
                  | Dex+3}
  3121 | D:5      | Found Amuolip's Book Shop.
  3183 | D:5      | Noticed Prince Ribbit
  3189 | D:5      | Killed Prince Ribbit
  3190 | D:5      | Reached skill level 8 in Axes
  3190 | D:5      | Reached skill level 1 in Shapeshifting
  3190 | D:5      | Reached XP level 8. HP: 22/67 MP: 8/8
  3358 | D:5      | Identified a scroll of acquirement
  3358 | D:5      | Acquired the ring of the City {rPois rF+ rN+ Str+6}
  3624 | D:5      | Reached skill level 5 in Armour
  4071 | D:6      | Found Cuakhlyu's General Store.
  4079 | D:6      | Gained mutation: You are partially covered in iridescent
                  | scales. (AC +2) [potion of mutation]
  4209 | D:6      | Noticed Jeremiah
  4216 | D:6      | Reached skill level 9 in Axes
  4280 | D:6      | Killed Jeremiah
  4281 | D:6      | Reached skill level 5 in Fighting
  4659 | D:6      | Reached XP level 9. HP: 74/74 MP: 9/9
  4720 | D:6      | Identified the +7 quarterstaff of Ambiguity {heavy, Fly
                  | rF+++ rN+ Int+2}
  4872 | D:6      | Reached skill level 10 in Axes
  5426 | D:7      | Found a blossoming altar of Fedhas.
  5453 | D:7      | Reached skill level 1 in Evocations
  5816 | D:7      | Found a staircase to the Ecumenical Temple.
  5825 | Temple   | Entered the Ecumenical Temple
  5830 | Temple   | Became a worshipper of Gozag Ym Sagoz the Greedy
  5981 | D:7      | Found a shimmering altar of Xom.
  6021 | D:8      | Noticed Amaemon
  6021 | D:8      | Noticed an orange demon
  6029 | D:8      | Killed an orange demon
  6030 | D:8      | Reached skill level 11 in Axes
  6030 | D:8      | Reached skill level 5 in Shields
  6032 | D:8      | Killed Amaemon
  6033 | D:8      | Reached XP level 10. HP: 27/83 MP: 10/10
  6044 | D:8      | Found a flagged portal.
  6049 | D:8      | Identified the +1 cloak of Supple Strength {Rampage Dex+4}
  6066 | D:8      | Identified the -1 helmet "Yrej" {rElec rF+ Int-5}
  6149 | Bailey   | Entered a bailey
  6239 | Bailey   | Noticed a vault guard
  6248 | Bailey   | Killed a vault guard
  6249 | Bailey   | Reached skill level 12 in Axes
  6382 | Bailey   | Reached skill level 5 in Evocations
  6414 | Bailey   | Noticed a vault guard
  6425 | Bailey   | Killed a vault guard
  6486 | D:8      | Noticed a two-headed ogre
  6497 | D:8      | Killed a two-headed ogre
  6738 | D:9      | Reached skill level 13 in Axes
  6740 | D:9      | Reached XP level 11. HP: 89/92 MP: 11/11
  7065 | D:9      | Found a staircase to the Lair.
  7233 | D:9      | Identified the +2 cloak of Zibaozas {Will+ Int+6}
  7240 | D:9      | Acquired a manual of Armour
  7295 | D:9      | Found an ancient bone altar of Kikubaaqudgha.
  7301 | D:9      | Found a basalt altar of Yredelemnul.
  7302 | D:9      | Found a shimmering blue altar of Sif Muna.
  7306 | D:9      | Found an iron altar of Okawaru.
  7696 | D:6      | Bought a scroll of identify for 26 gold pieces
  7746 | D:5      | Bought a +2 pair of boots for 198 gold pieces
  7769 | D:5      | Bought a twisted kite shield for 228 gold pieces
  7769 | D:5      | Identified the +4 kite shield of the Flute {Fly rElec rCorr
                  | Dex-2} (You bought it in a shop on level 5 of the Dungeon)
  7894 | D:10     | Entered Level 10 of the Dungeon
  8271 | D:10     | Reached skill level 14 in Axes
  8462 | D:10     | Found The Oracle's Delphic Readings.
  8467 | D:10     | Bought a scroll of identify for 26 gold pieces
  8736 | D:11     | Found Babbeipt's Antique Weapon Emporium.
  8828 | D:11     | Found a frozen archway.
  8837 | IceCv    | Entered an ice cave
  8914 | IceCv    | Noticed a reaper
  8931 | IceCv    | Slain by an ice devil

Illustrated notes

Levels and vault maps discovered:
D:1:      heliophobic_arrival_ceremonial_halls, layout_basic
D:2:      layout_basic
D:3:      layout_basic, trog_hazing_becter, chequers_arboretum,
          minmay_misc_feat_iff, cheibrodos_gnoll_hut
D:4:      layout_rooms, uniq_menkaure
D:5:      layout_cave_pods, serial_shops, nicolae_stop_n_shop_1,
          nicolae_shop_real_fake_doors, nicolae_shop_pleasant_corner_grove,
          shop, uniq_prince_ribbit1
D:6:      layout_basic, serial_bayou_pond_c, minmay_misc_feat_room,
          nicolae_stop_n_shop_2, uniq_jeremiah
D:7:      layout_layer_cave, lemuel_coloured_pillars_altar, fedhas_altar_4,
          minmay_temple_entry_drinking_statues, st_stairs_6
D:8:      layout_rooms, enter_bailey_2, uniq_amaemon
D:9:      layout_rooms, minitemple, grunt_lair_entry_orc_guard_hut,
          dk_noncrumbling_2
D:10:     layout_loops_cross, nicolae_nh_oracle_at_delphi
D:11:     layout_irregular_city, portal_ice_cave_entry_pillars_2, serial_shops,
          shop_fountains
Temple:   minmay_freezing_vapour_temple
IceCv:    ice_cave_small_demon

Skill      XL: |  1  2  3  4  5  6  7  8  9 10 11 |
---------------+----------------------------------+-----
Axes           | 3 4 5 6 8 9 11 13 14 | 14.5
Dodging        | 1 2 3 |  3.6
Fighting       | 4 5 6 7 |  7.9
Armour         | 4 6 7 9 |  9.2
Shields        | 4 5 6 7 |  7.6
Stealth        | 1 2 |  2.2
Shapeshifting  | 1 2 |  2.9
Evocations     | 3 5 7 |  7.3
Throwing       | |  0.4

Action                     |  1- 3 |  4- 6 |  7- 9 | 10-12 || total
---------------------------+-------+-------+-------+-------++-------
  Melee: War axe           |    95 |   114 |   207 |    75 ||   491
         Broad axe         |       |       |       |   212 ||   212
  Throw: Throwing net      |       |       |     1 |     4 ||     5
  Evoke: Wand              |       |       |     2 |     2 ||     4
    Use: Potion            |       |     1 |     2 |    10 ||    13
         Scroll            |       |     3 |     8 |    15 ||    26
   Stab: Held in net/web   |       |       |       |     5 ||     5
         Distracted        |       |       |       |     4 ||     4
         Invisible         |       |       |       |     1 ||     1
 Armour: Scale mail        |    98 |    78 |       |       ||   176
         Chain mail        |       |    21 |   158 |   168 ||   347
  Dodge: Dodged            |    53 |    64 |    76 |    72 ||   265
  Block: Buckler           |    24 |    21 |    28 |       ||    73
         Kite shield       |       |       |    29 |   136 ||   165

Table legend: (Time is in decaauts)
 A = Elapsed time spent in this place.
 B = Non-inter-level travel time spent in this place.
 C = Inter-level travel time spent in this place.
 D = Time resting spent in this place.
 E = Time spent auto-exploring this place.
 F = Levels seen in this place.
 G = Mean time per level.
                   A        B        C        D        E       F      G
               +--------+--------+--------+--------+--------+-----+--------+
         Total |   9036 |   8814 |    222 |     68 |   4987 |  14 |  645.4 |
       Dungeon |   8621 |   8399 |    222 |      0 |   4964 |  11 |  783.7 |
        Temple |     10 |     10 |      0 |      0 |      0 |   1 |   10.0 |
        Bailey |    311 |    311 |      0 |     68 |     23 |   1 |  311.0 |
      Ice Cave |     93 |     93 |      0 |      0 |      0 |   1 |   93.0 |
               +--------+--------+--------+--------+--------+-----+--------+

Top non-repeatable levels by time:
     D:5: 1170 daAuts
     D:6: 1119 daAuts
     D:4: 1046 daAuts
     D:7: 998 daAuts
     D:3: 947 daAuts
    D:10: 775 daAuts
     D:9: 754 daAuts
     D:8: 613 daAuts
     D:1: 522 daAuts
     D:2: 507 daAuts
  Bailey: 311 daAuts
    D:11: 166 daAuts
   IceCv: 93 daAuts
  Temple: 10 daAuts
